Map: [TLMC19] sugomA

Players

DKZherO (herO) - Winner!

  • Race: Protoss Protoss
  • Spawn Location: 5:00

Wayne (Vanya)

  • Race: Zerg Zerg
  • Spawn Location: 1:00

VOD

Have the link to the VOD?

Description

Time

  • Played on: Dec. 21, 2023, 7:38 a.m.
  • Length: 4:42
Show
View Real Time Build Order
Export as new Build Order

DKZherO Protoss - Winner!

Build Orders:  

Get SALT Encoding   

  12  0:00  Probe  
  13  0:12  Probe  
  14  0:17  Pylon  
  14  0:24  Probe (Chrono Boost)  
  15  0:36  Probe (Chrono Boost)  
  15  0:40  Gateway  
  16  0:44  Probe (Chrono Boost)  
  16  0:46  Assimilator  
  17  0:50  Probe  
  18  1:03  Probe  
  20  1:24  Gateway  
  19  1:27  Cybernetics Core, Zealot (Chrono Boost)  
  19  1:31  Pylon  
  19  1:32  Probe  
  22  1:44  Probe  
  23  1:47  Zealot (Chrono Boost)  
  23  1:52  Pylon  
  25  1:56  Probe  
  25  1:57  Assimilator  
  26  2:10  Probe  
  26  2:11  Adept (Chrono Boost)  
  26  2:12  Warp Gate  
  29  2:22  Adept, Probe  
  31  2:33  Pylon  
  31  2:51  Adept  
  31  2:52  Adept  
  35  3:11  Probe  
  36  3:18  Twilight Council  
  35  3:23  Adept x2  
  37  3:38  Nexus  
  37  3:42  Probe  
  38  3:54  Pylon  
  39  4:02  Dark Shrine  
  38  4:06  Probe  
  39  4:12  Stalker  
  41  4:19  Probe  
  41  4:22  Pylon  
Show
View Real Time Build Order
Export as new Build Order

Wayne Zerg 

Build Orders: Pool First 

Get SALT Encoding   

  12  0:17  Spawning Pool  
  11  0:21  Drone  
  11  0:25  Drone  
  13  0:30  Drone  
  14  0:39  Overlord  
  14  1:04  Zergling x4  
  14  1:05  Zergling x2  
  17  1:15  Zergling x2  
  18  1:29  Zergling x2  
  18  1:30  Hatchery  
  18  1:38  Zergling x2  
  19  1:52  Drone  
  20  2:07  Drone  
  21  2:18  Drone  
  21  2:22  Hatchery  
  19  2:23  Drone  
  20  2:35  Spore Crawler, Queen, Overlord  
  22  2:42  Zergling x2  
  23  2:49  Extractor  
  22  2:53  Zergling x2  
  22  2:54  Drone x2  
  25  3:04  Drone  
  26  3:13  Queen  
  26  3:14  Drone  
  26  3:27  Drone  
  26  3:34  Queen  
  26  3:35  Zergling x2  
  26  3:36  Zergling x2  
  29  3:49  Zergling x4  
  29  3:50  Drone x3  
  29  3:52  Queen  
  36  3:59  Overlord  
  36  4:07  Overlord  
  36  4:13  Overlord  
  34  4:17  Zergling x2  
  34  4:18  Zergling x2  
  35  4:25  Zergling x8  
Tags
 
Matchup
PvZ
Opening
Pool First
Player
VanyaherO
Replay Pack
December 2023
Spawn Locations
Close Positions
Add a new tag
Caveats
  • Supply blocks, unpowered buildings, or Contaminate may cause inaccurate times.
  • Supply counts are checked every 10 seconds.